AoeStats
← kV0t3

Arabia

510453959Analyzed
1v1 RM · 15h ago on Oct 1, 2026· 30m 3s· 2 players
Game mode
Random Map
Map size
Tiny (2 player)
Population
200
Speed
Normal
Resources
Standard
Victory
Conquest
Starting age
Dark Age
Ending age
Imperial Age
RankedLock teamsTeams togetherTeam positionsShared explorationLock speedFull tech treeHidden civsTurbo modeCheats
Victory
Defeat
🇦🇷 Spanish · Argentina
1348
+12
🇦🇷 Slavs · Argentina
1258
-12
supay
3:14 Loom
10:02 Feudal Age
10:33 Double-Bit Axe
11:02 Man-at-Arms
17:26 Fletching
22:44 Castle Age
22:47 Bloodlines
25:19 Scale Barding Armor
28:04 Gold Mining
kV0t3
0:26 Loom
9:48 Feudal Age
9:53 Man-at-Arms
14:38 Double-Bit Axe
22:20 Castle Age
23:16 Bow Saw
23:15 Gold Mining
23:42 Scale Barding Armor
23:52 Bloodlines
26:52 Chain Barding Armor
29:28 Light Cavalry
Connection lost

Rejoining the realm…

Still unreachable

The connection could not be restored.

Session expired

The server has moved on; the page needs a fresh start.